 Dungeon Crawl Stone Soup version 0.16-a0-3154-g62f4276 (webtiles) character file.

61 comborobin the Sneak (level 3, -6/37 HPs)
             Began as a Lacertilian Monk on June 24, 2015.
             Was a Believer of Ashenzari.
             Mangled by an iguana (8 damage)
             ... on level 4 of the Dungeon.
             The game lasted 00:13:32 (2328 turns).

comborobin the Sneak (Lacertilian Monk)             Turns: 2328, Time: 00:13:32

Health: -6/37      AC: 21    Str: 11    XL:     3   Next: 83%
Magic:  3/3        EV:  2    Int: 10    God:    Ashenzari [**....]
Gold:   79         SH:  0    Dex: 16    Spells: 0 memorised, 2 levels left

rFire  . . .     SeeInvis .     e - +0 dagger (curse)
rCold  . . .     Clarity  .     a - melded +1 robe
rNeg   + + +     SustAb   .     (no shield)
rPois  +         Gourm    .     (helmet currently unavailable)
rElec  .         Spirit   .     (cloak currently unavailable)
rCorr  .         Warding  .     (gloves currently unavailable)
rMut   .         NoTele   +     (boots currently unavailable)
MR     .....                    (no amulet)
Stlth  ++++......               (no ring)
                                h - ring of teleport control (curse) {cTele, !d}

@: tree-form, not resistant to hostile enchantments, stealthy
A: strong connection with the divine, (slimy green scales 0), (camouflage 0)
a: Renounce Religion, Evoke Teleport Control


You were on level 4 of the Dungeon.
You worshipped Ashenzari.
Ashenzari was pleased with you.
You were not hungry.
You were a tree.
You visited 1 branch of the dungeon, and saw 4 of its levels.

You collected 79 gold pieces.

Inventory:

Hand weapons
 e - a cursed +0 dagger (weapon)
   (You took it off a goblin on level 3 of the Dungeon)
 g - a +1 mace of holy wrath
   (You took it off an orc on level 3 of the Dungeon)
 k - a +0 short sword
   (You took it off a kobold on level 1 of the Dungeon)
Armour
 a - a +1 robe (melded)
Jewellery
 h - a cursed ring of teleport control (left branch) {cTele, !d}
   (You found it on level 1 of the Dungeon)
Magical devices
 c - a wand of fire (9)
   (You found it on level 3 of the Dungeon)
Scrolls
 j - 2 scrolls of enchant armour
 l - a scroll of curse weapon
Comestibles
 b - 2 bread rations {@e1}
 d - a beef jerky
 i - a meat ration {@e2}
 m - 2 chunks of flesh {@w0}


   Skills:
 - Level 2.4 Fighting
 + Level 2.3(4.1) Short Blades
 - Level 3.0 Dodging
 - Level 4.0 Stealth
 - Level 3.6 Unarmed Combat


You had 2 spell levels left.
You didn't know any spells.

Dungeon Overview and Level Annotations

Branches:
Dungeon (4/15)
 Temple: D:4-7

Altars:
Ashenzari
Nemelex Xobeh
Zin

Annotations:
D:3 Robin


Innate Abilities, Weirdness & Mutations

You have a strong connection with the divine.
You may change religions without suffering divine wrath.
((You are mostly covered in slimy green scales (AC +3).))
((Your skin changes colour to match your surroundings (Stealth).))


Message History

A goblin comes into view. It is wielding a dagger.
The jackal barks!
The jackal misses you.
You hit the jackal. You tail-slap the jackal.
You kill the jackal!
No target in view!
No target in view!
No target in view!
You see here a jackal corpse.
b - 2 bread rations {@e1} (gained 1)
The goblin shouts!
The goblin is too close now for your liking.
The goblin hits you but does no damage.
You hit the goblin. You tail-slap the goblin.
You kill the goblin!
No target in view!
No target in view!
No target in view!
A bat comes into view.
An adder comes into view.
The bat hits you but does no damage.
You hit the bat.
You kill the bat!
An iguana and a bat come into view.
The bat closely misses you.
The bat moves out of view.
The bat hits you.
You take 1 damage, and have 24/25 hp.
The bat hits you but does no damage.
The iguana hisses angrily.
You hit the iguana but do no damage. The bat closely misses you.
The bat barely misses you.
The iguana bites you but does no damage.
You hit the iguana but do no damage.
Your tail-slap misses the iguana.
The bat closely misses you. The iguana closely misses you.
You hit the iguana but do no damage. The bat hits you but does no damage.
You hit the iguana but do no damage. The bat completely misses you.
The iguana bites you.
You take 5 damage, and have 19/25 hp.
You hit the iguana but do no damage.
Your tail-slap misses the iguana.
The iguana bites you but does no damage.
You hit the iguana. The iguana misses you.
You hit the iguana. The iguana bites you!
Ouch! That really hurt!
* * * LOW HITPOINT WARNING * * *
You take 13 damage, and have 6/25 hp.
MASSIVE DAMAGE!!
The bat hits you but does no damage. The bat closely misses you.
The bat hits you.
* * * LOW HITPOINT WARNING * * *
You take 1 damage, and have 5/25 hp.
The bat barely misses you. The bat barely misses you.
The bat hits you but does no damage. The bat hits you but does no damage.
Drink which item? (? for menu, Esc to quit)
You feel better. The bat hits you but does no damage.
The iguana closely misses you.
You regained 5 hp, and now have 11/25 hp.
Drink which item? (? for menu, Esc to quit)
Really quaff
f - a potion of lignification {!q}?
Drink which item? (? for menu, Esc to quit)
You don't have any such object.
Drink which item? (? for menu, Esc to quit)
You don't have any such object.
Drink which item? (? for menu, Esc to quit)
Really quaff
f - a potion of lignification {!q}?
You turn into a tree.
Your +1 robe melds into your body.
Your roots penetrate the ground.
The bat hits you but does no damage.
The iguana bites you but does no damage.
You now have 16/37 hp.
Unknown command.
Unknown command.
You barely miss the iguana. The bat hits you but does no damage.
You hit the iguana but do no damage. The bat hits you but does no damage.
The iguana bites you but does no damage.
You hit the iguana but do no damage. The bat hits you but does no damage.
The iguana bites you.
* * * LOW HITPOINT WARNING * * *
You take 5 damage, and have 11/37 hp.
You closely miss the iguana. The bat barely misses you.
The iguana bites you but does no damage.
You hit the iguana but do no damage. The bat hits you but does no damage.
The iguana bites you.
* * * LOW HITPOINT WARNING * * *
You take 3 damage, and have 8/37 hp.
You hit the iguana but do no damage. The bat hits you but does no damage.
You hit the iguana. The bat hits you but does no damage. The iguana bites you.
* * * LOW HITPOINT WARNING * * *
You take 3 damage, and have 5/37 hp.
You hit the iguana but do no damage. The bat hits you but does no damage.
The iguana bites you.
* * * LOW HITPOINT WARNING * * *
You take 3 damage, and have 2/37 hp.
You hit the iguana. The bat hits you but does no damage.
The iguana bites you but does no damage.
You hit the iguana but do no damage. The bat hits you but does no damage.
The iguana bites you but does no damage.
You barely miss the iguana. The bat hits you but does no damage.
You hit the iguana but do no damage. The iguana bites you!
You die...

* ..S..#........# ,, * ,
,, #...##.......## *
#..##.......# ,* , .
**#...#......# . * , , ,
..###...†.......# *.. ,
......#...####....##.
..........# * #....# , ,
........l.## ##..## ,
........♣..## #....# ,
............## #....####
,,
.........b..####......##
*
.............##.........
*
...............##.......
, ,
.............###.......
, ,...........)#
##..##.. , ...........#
#.####. , ..........#
##.# #.


You could see an iguana and a bat.

Vanquished Creatures
  An adder (D:3)
  A worm (D:2)
  6 orcs (D:3)
  5 bats
  A bat skeleton (D:4)
  3 giant cockroaches
  4 goblins
  2 hobgoblins
  A quokka (D:3)
  3 giant newts
  4 jackals (D:4)
  5 kobolds
  2 rats
38 creatures vanquished.

Notes
Turn   | Place    | Note
--------------------------------------------------------------
     0 | D:1      | comborobin, the Lacertilian Monk, began the quest for the Orb.
     0 | D:1      | Reached XP level 1. HP: 15/15 MP: 1/1
   461 | D:1      | Reached skill level 3 in Stealth
   612 | D:1      | Reached XP level 2. HP: 20/20 MP: 2/2
   907 | D:2      | HP: 2/20 [worm (9)]
  1389 | D:3      | Reached skill level 4 in Stealth
  1401 | D:3      | Noticed Robin
  1479 | D:3      | Found a shattered altar of Ashenzari.
  1490 | D:3      | Became a worshipper of Ashenzari the Shackled
  1490 | D:3      | Acquired Ashenzari's first power
  1532 | D:3      | Reached skill level 1 in Short Blades
  1588 | D:3      | Reached XP level 3. HP: 25/25 MP: 3/3
  1692 | D:3      | Found a sparkling altar of Nemelex Xobeh.
  1965 | D:3      | Reached skill level 2 in Short Blades
  2168 | D:4      | Found a glowing silver altar of Zin.
  2307 | D:4      | HP: 6/25 [iguana (13)]
  2321 | D:4      | HP: 8/37 [iguana (3)]
  2324 | D:4      | HP: 2/37 [iguana (4)]
  2328 | D:4      | Mangled by an iguana

Action                   || total
-------------------------++-------
Melee: Spear             ||    15
       Unarmed           ||    10
       Short sword       ||    43
       Dagger            ||   126
  Use: Scroll            ||     8
       Potion            ||     8
 Stab: Sleeping          ||     8
       Distracted        ||     1
  Eat: Chunk             ||     4
       Fruit             ||     1

Vault maps used:
D:1:      minmay_arrival_widening_spiral_narrow
D:2:      lemuel_zombie_altar_yredelemnul, nicolae_ru_awakened_eye,
          lemuel_doored_altar, vehumet_crystals, uniq_crazy_yiuf_cottage
D:3:      lemuel_round_altar, nicolae_overflow_crystal_walls, uniq_robin
D:4:      zin_academy, first_bread, nemelex_spade_bored_becter

Table legend:
 A = Turns spent in this place as a percentage of turns spent in the entire game.
 B = Non-inter-level travel turns spent in this place as a percentage of non-inter-level travel turns spent in the entire game.
 C = Inter-level travel turns spent in this place as a percentage of turns spent in this place.
 D = Turns resting spent in this place as a percentage of non-inter-level travel turns spent in this place.
 E = Turns spent auto-exploring this place as a percentage of non-inter-level travel turns spent in this place.
 F = Non-inter-level travel turns spent in this place divided by the number of levels of this place that you've seen.
                   A       B       C       D       E      F
               +-------+-------+-------+-------+-------+----------------------
         Total | 100.0 | 100.0 |   0.1 |   1.8 |   4.7 | 257.8
       Dungeon | 100.0 | 100.0 |   0.1 |   1.8 |   4.7 | 257.8
               +-------+-------+-------+-------+-------+----------------------

Table legend:
 A = Kills in this place as a percentage of kills in entire the game.
 B = Kills by you in this place as a percentage of kills by you in the entire game.
 C = Kills by friends in this place as a percentage of kills by friends in the entire game.
 D = Other kills in this place as a percentage of other kills in the entire game.
 E = Experience gained in this place as a percentage of experience gained in the entire game.
 F = Experience gained in this place divided by the number of levels of this place that you have seen.
                   A       B       C       D       E      F
               +-------+-------+-------+-------+-------+----------------------
         Total | 100.0 | 100.0 |  -nan |  -nan | 100.0 |  22.0
       Dungeon | 100.0 | 100.0 |  -nan |  -nan | 100.0 |  22.0
               +-------+-------+-------+-------+-------+----------------------
